 Dungeon Crawl Stone Soup version 0.25.1-11-g244df3a29b (webtiles) character file.

Game seed: 17101703821871825516

2144164 DeepDeath the Conqueror (level 27, 199/199 HPs)
             Began as a Gargoyle Abyssal Knight on Jan 20, 2024.
             Was a High Priest of Lugonu.
             Escaped with the Orb
             ... and 4 runes on Jan 22, 2024!
             The game lasted 07:29:14 (92164 turns).

DeepDeath the Conqueror (Gargoyle Abyssal Knight)  Turns: 92164, Time: 07:29:14

Health: 199/199    AC: 63    Str: 30    XL:     27
Magic:  46/46      EV: 21    Int:  6    God:    Lugonu [*****.]
Gold:   4334       SH: 10    Dex: 12    Spells: 22/46 levels left

rFire    + + .     SeeInvis +   d - +5 eveningstar (holy)
rCold    + + +     Gourm    .   D - +3 warlock's mirror {reflect}
rNeg     + + .     Faith    .   H - +9 ice dragon scales
rPois    ∞         Spirit   .   n - +0 mask of the Dragon {MR+ Slay+3 SInv}
rElec    +         Reflect  +   Q - +2 cloak
rCorr    .         Harm     .   u - +2 pair of gloves {Str+3}
MR       +++++                  O - +1 pair of boots of Boredom {Str+2 Slay+3}
Stlth    +.........             C - amulet "Xicenkul" {rElec rC+ Regen+ Str-2 Stlth+}
HPRegen  0.83/turn              B - ring "Abafig" {rPois rF+++ rN+ MR+ Int-4}
MPRegen  0.30/turn              X - ring "Qipav" {MR+ MP+9 Slay+3}

@: flying, studying Armour
A: big wings, hooves 1, horns 2, thin metallic scales 1, blurry vision 1,
deterioration 1, dopey 1, negative energy resistance 1, screaming 1, shaggy fur
1, electricity resistance, unbreathing, petrification resistance, rot immunity,
AC +20
0: Orb of Zot
}: 4/15 runes: decaying, silver, abyssal, gossamer
a: Stop Flying, Depart the Abyss, Bend Space, Banish, Corrupt, Enter the Abyss,
Renounce Religion


You escaped.
You worshipped Lugonu.
Lugonu was extremely pleased with you.
You were not hungry.

You visited 11 branches of the dungeon, and saw 53 of its levels.
You visited the Abyss 5 times.
You visited 1 bazaar.
You visited 1 ziggurat, and saw 7 of its levels.
You also visited: Gauntlet and Ice Cave.

You collected 12091 gold pieces.
You spent 7757 gold pieces at shops.

Inventory:

Hand Weapons
 a - a +7 antimagic eveningstar
 d - a +5 eveningstar of holy wrath (weapon)
 q - the +4 fustibalus of Fear {vorpal, rC+ Stlth+}
   (You found it on level 3 of the Elven Halls)

   Any stone fired from it inflicts extra damage.
   It protects you from cold.
   It makes you more stealthy.
 v - the +3 war axe "Hitregu" {vamp, +Fly rC- Int+4 Dex+8}
   (You found it on level 3 of the Depths)

   It inflicts no extra harm, but heals its wielder when it wounds a living foe.
   It affects your intelligence (+4).
   It affects your dexterity (+8).
   It makes you vulnerable to cold.
   It lets you fly.
 w - the +7 sceptre of Torment {pain, torment}
   (You found it on level 3 of the Depths)

   In the hands of one skilled in necromantic magic, it inflicts extra damage on
   living creatures.
Missiles
 k - 2 throwing nets
 x - 128 sling bullets
 J - 20 javelins
 S - 6 silver javelins (quivered)
 Z - 15 curare-tipped darts
Armour
 n - the +0 mask of the Dragon (worn) {MR+ Slay+3 SInv}
   (You found it on level 3 of the Realm of Zot)

   It affects your accuracy and damage with ranged weapons and melee attacks
   (+3).
   It affects your resistance to hostile enchantments.
   It lets you see invisible.
 u - a +2 pair of gloves of strength (worn)
 D - the +3 warlock's mirror (worn) {reflect}
   (You acquired it on level 5 of the Lair of Beasts)
 H - +9 ice dragon scales (worn)
 O - the +1 pair of boots of Boredom (worn) {Str+2 Slay+3}
   (You found it on level 6 of a ziggurat)

   It affects your strength (+2).
   It affects your accuracy and damage with ranged weapons and melee attacks
   (+3).
 Q - a +2 cloak (worn)
Jewellery
 r - the ring of Fixation {rF++ MR++ SInv}
   (You found it on level 1 of the Spider Nest)

   [ring of see invisible]

   It greatly protects you from fire.
   It affects your resistance to hostile enchantments.
   It lets you see invisible.
 B - the ring "Abafig" (left hand) {rPois rF+++ rN+ MR+ Int-4}
   (You found it on level 3 of the Crypt)

   [ring of positive energy]

   It affects your intelligence (-4).
   It renders you almost immune to fire.
   It protects you from poison.
   It protects you from negative energy.
   It affects your resistance to hostile enchantments.
 C - the amulet "Xicenkul" (around neck) {rElec rC+ Regen+ Str-2 Stlth+}
   (You found it on level 3 of the Depths)

   [amulet of regeneration]

   It affects your strength (-2).
   It protects you from cold.
   It insulates you from electricity.
   It increases your rate of regeneration.
   It makes you more stealthy.
 I - the ring "Atonuese" {rPois MR++ rCorr Str-2}
   (You found it in a Gauntlet)

   [ring of resist corrosion]

   It affects your strength (-2).
   It protects you from poison.
   It affects your resistance to hostile enchantments.
   It provides partial protection from all sources of acid and corrosion.
 U - the ring of the Heavens {rF+ rC+ Int+4 Dex-4}
   (You found it on level 4 of a ziggurat)

   [ring of dexterity]

   It affects your intelligence (+4).
   It affects your dexterity (-4).
   It protects you from fire.
   It protects you from cold.
 X - the ring "Qipav" (right hand) {MR+ MP+9 Slay+3}
   (You found it on level 3 of the Realm of Zot)

   [ring of magical power]

   It affects your accuracy and damage with ranged weapons and melee attacks
   (+3).
   It affects your resistance to hostile enchantments.
   It affects your magic capacity (+9).
Wands
 j - a wand of clouds (1)
 l - a wand of paralysis (38)
 t - a wand of iceblast (31)
 K - a wand of digging (9)
 N - a wand of disintegration (85)
 P - a wand of acid (34)
Scrolls
 h - 3 scrolls of holy word
 m - 7 scrolls of blinking
 p - 37 scrolls of remove curse
 s - a scroll of silence
 y - 6 scrolls of teleportation
 F - 2 scrolls of magic mapping
 G - 10 scrolls of fear
 M - 6 scrolls of identify
 T - 14 scrolls of fog
Potions
 c - 10 potions of curing
 e - 2 potions of mutation
 g - 8 potions of stabbing
 o - 5 potions of cancellation
 A - a potion of magic
 V - 6 potions of invisibility
 Y - 5 potions of resistance
Books
 W - a manual of Armour
Miscellaneous
 i - 2 phantom mirrors
 E - a phial of floods
 L - 8 boxes of beasts
 R - a lightning rod (4/4)
Comestibles
 f - 66 rations


   Skills:
 O Level 27 Fighting
 - Level 12.4(16.0) Axes
 - Level 18.0(19.4) Maces & Flails
 - Level 13.2(14.2) Slings
 - Level 9.2(12.3) Throwing
 * Level 25.5 Armour
 - Level 20.0 Dodging
 - Level 5.0 Stealth
 - Level 12.0 Shields
 - Level 10.0 Spellcasting
 - Level 3.0 Conjurations
 - Level 2.0 Charms
 + Level 13.6 Necromancy
 - Level 2.0 Translocations
 - Level 2.0 Transmutations
 - Level 2.0 Air Magic
 - Level 4.0 Earth Magic
 - Level 2.0 Poison Magic
 - Level 14.0 Invocations
 - Level 6.0 Evocations


You had 22 spell levels left.
You knew the following spells:

 Your Spells              Type           Power        Failure   Level  Hunger
a - Apportation           Tloc           #.....       12%         1    None
c - Corpse Rot            Necr/Air       N/A          1%          2    ##.....
d - Animate Dead          Necr           N/A          1%          4    ####...
g - Shroud of Golubria    Chrm/Tloc      #.....       17%         2    ##.....
n - Swiftness             Chrm/Air       #.......     17%         2    ##.....
p - Mephitic Cloud        Conj/Pois/Air  #.......     30%         3    ###....
q - Animate Skeleton      Necr           N/A          1%          1    None
s - Stone Arrow           Conj/Erth      #.....       19%         3    ###....
u - Dispel Undead         Necr           ###.....     1%          4    ####...
w - Passwall              Tmut/Erth      #.......     12%         2    ##.....

Your spell library contained the following spells:

 Spells                   Type           Power        Failure   Level  Hunger
 Pain                     Necr           ###.         1%          1    None
 Vampiric Draining        Necr           ###.......   1%          3    ###....
 Agony                    Necr           ###.....     2%          5    ######.
 Sandblast                Erth           #.....       4%          1    None
 Magic Dart               Conj           #...         8%          1    None
 Shock                    Conj/Air       #...         10%         1    None
 Beastly Appendage        Tmut           #.....       12%         1    None
 Sting                    Tmut/Pois      #...         12%         1    None
 Searing Ray              Conj           #.....       12%         2    ##.....
 Death Channel            Necr           ###.......   16%         6    #######
 Blink                    Tloc           N/A          17%         2    ##.....
 Poisonous Vapours        Pois/Air       #.....       17%         2    ##.....
 Borgnjor's Vile Clutch   Necr/Erth      ##........   21%         5    ######.
 Freeze                   Ice            #...         26%         1    None
 Summon Butterflies       Summ           #.......     26%         1    None
 Summon Small Mammal      Summ           #...         26%         1    None
 Static Discharge         Conj/Air       #.......     28%         3    ###....
 Excruciating Wounds      Chrm/Necr      ##........   30%         5    ######.
 Gell's Gravitas          Tloc           #.........   34%         3    ###....
 Lesser Beckoning         Tloc           #.........   34%         3    ###....
 Teleport Other           Tloc           #.......     34%         3    ###....
 Call Imp                 Summ           #.......     36%         2    ##.....
 Ensorcelled Hibernation  Hex/Ice        #.....       36%         2    ##.....
 Slow                     Hex            #.......     36%         2    ##.....
 Conjure Flame            Conj/Fire      #.......     38%         3    ###....
 Dazzling Flash           Conj/Hex       #.....       38%         3    ###....
 Ignite Poison            Fire/Tmut/Pois #.......     43%         3    ###....
 Ozocubu's Armour         Chrm/Ice       #.......     45%         3    ###....
 Portal Projectile        Hex/Tloc       #.....       45%         3    ###....
 Recall                   Summ/Tloc      N/A          45%         3    ###....
 Petrify                  Tmut/Erth      #.......     58%         4    ####...
 Call Canine Familiar     Summ           #.......     61%         3    ###....
 Confusing Touch          Hex            #.......     61%         3    ###....
 Frozen Ramparts          Ice            #.....       61%         3    ###....
 Summon Guardian Golem    Hex/Summ       #.......     61%         3    ###....
 Tukima's Dance           Hex            #.......     61%         3    ###....
 Iskenderun's Mystic Bla  Conj/Tloc      #.......     67%         4    ####...
 Airstrike                Air            #.........   75%         4    ####...
 Olgreb's Toxic Radiance  Pois           #.......     75%         4    ####...
 Fulminant Prism          Conj/Hex       #.........   80%         4    ####...
 Hailstorm                Conj/Ice       #.......     80%         4    ####...
 Lee's Rapid Deconstruct  Erth           #.........   80%         5    ######.
 Summon Lightning Spire   Summ/Air       #.......     86%         4    ####...
 Simulacrum               Ice/Necr       ##........   94%         6    #######
 Summon Ice Beast         Ice/Summ       #.......     95%         4    ####...
 Irradiate                Conj/Tmut      #.........   95%         5    ######.
 Iskenderun's Battlesphe  Conj/Chrm      #.......     95%         5    ######.
 Lightning Bolt           Conj/Air       #.........   95%         5    ######.
 Bolt of Magma            Conj/Fire/Erth #.........   96%         5    ######.
 Alistair's Intoxication  Tmut/Pois      #.......     97%         5    ######.
 Fireball                 Conj/Fire      #.........   98%         5    ######.
 Silence                  Hex/Air        #.........   99%         5    ######.
 Yara's Violent Unravell  Hex/Tmut       #.........   99%         5    ######.
 Metabolic Englaciation   Hex/Ice        #.........   100%        5    ######.
 Summon Mana Viper        Hex/Summ       #.......     100%        5    ######.
 Dispersal                Tloc           #.........   100%        6    #######
 Freezing Cloud           Conj/Ice/Air   #.........   100%        6    #######
 Hydra Form               Tmut           #.........   100%        6    #######
 Invisibility             Hex            #.......     100%        6    #######
 Iron Shot                Conj/Erth      #.........   100%        6    #######
 Ozocubu's Refrigeration  Ice            #.........   100%        6    #######
 Starburst                Conj/Fire      #.........   100%        6    #######
 Dragon Form              Tmut           #.........   100%        7    #######
 Haunt                    Necr/Summ      ##........   100%        7    #######
 Malign Gateway           Summ/Tloc      #.........   100%        7    #######
 Monstrous Menagerie      Summ           #.........   100%        7    #######
 Orb of Destruction       Conj           #.........   100%        7    #######
 Ring of Flames           Chrm/Fire      #.........   100%        7    #######
 Spellforged Servitor     Conj/Summ      #.........   100%        7    #######
 Summon Greater Demon     Summ           #.........   100%        7    #######
 Summon Hydra             Summ           #.........   100%        7    #######
 Borgnjor's Revivificati  Necr           ###.......   100%        8    #######
 Controlled Blink         Tloc           N/A          100%        8    #######
 Death's Door             Chrm/Necr      ##........   100%        8    #######
 Disjunction              Tloc           #.........   100%        8    #######
 Ignition                 Fire           #.........   100%        8    #######
 Infestation              Necr           ###.......   100%        8    #######
 Necromutation            Tmut/Necr      ##........   100%        8    #######
 Summon Horrible Things   Summ           #.........   100%        8    #######
 Tornado                  Air            #.........   100%        9    #######
 Sublimation of Blood     Necr           Unusable     N/A         2    N/A
 Passage of Golubria      Tloc           Unusable     N/A         4    N/A
 Statue Form              Tmut/Erth      Unusable     N/A         6    N/A

Dungeon Overview and Level Annotations

Branches:
Dungeon (15/15)            Temple (1/1) D:6            Lair (6/6) D:9
  Swamp (4/4) Lair:3       Spider (4/4) Lair:2        Slime (0/5) Lair:6
    Orc (2/2) D:9             Elf (3/3) Orc:2        Vaults (5/5) D:14
  Crypt (3/3) Vaults:2       Tomb (0/3) Crypt:3      Depths (5/5) D:15
    Zot (5/5) Depths:5      IceCv (visited)         Gauntlet (visited)

Altars:
Ashenzari
Cheibriados
Dithmenos
Elyvilon
Fedhas
Gozag
Hepliaklqana
Kikubaaqudgha
Makhleb
Nemelex Xobeh
Okawaru
Qazlal
Ru
Sif Muna
Trog
Uskayaw
Vehumet
Wu Jian
Xom
Yredelemnul
Zin
The Shining One
Beogh
Lugonu

Shops:
D:9 *%   D:13 =   Orc:1 *   Orc:2 (*:%   Elf:1 [   Elf:2 [   Vaults:2 **(*
Depths:1 (   Depths:5 **%

Portals:
Hell: Depths:1 Depths:2 Depths:3 Depths:4 Depths:5
Abyss: Depths:4 Depths:5
Pandemonium: Orc:2 Depths:3

Annotations:
D:7 corrupted
Elf:1 6 runed translucent doors
Depths:2 corrupted
Zot:3 , corrupted


Innate Abilities, Weirdness & Mutations

You are resistant to torment.
Your stone body is resilient. (AC +20)
You are immune to poison.
Your large and strong wings let you fly indefinitely.
You resist negative energy. (rN+)
You are resistant to electric shocks. (rElec)
You can survive without breathing.
You are immune to petrification.
You are immune to rotting.
You have large cloven feet.
You have a pair of horns on your head.
You are partially covered in thin metallic scales. (AC +2)
Scrolls take you a little longer to read.
Your body sometimes deteriorates upon taking damage.
You are dopey. (Int -2)
You occasionally shout uncontrollably at your foes.
You are covered in fur. (AC +1)


Message History

Fodekywn gestures.
Fodekywn bursts into living lightning!
Your +3 warlock's mirror {reflect} reflects the living lightning!
The living lightning hits the orange demon!!
Fodekywn blinks!
The sixfirhy barely misses you. You block the sixfirhy's attack.
Unknown command.
Evoke which item? (* to show all) (? for menu, Esc to quit)
Aiming: Dig
Press: ? - help, Shift-Dir - straight line A rock wall.
This square is covered in magical glow.
The rock shatters into small pieces.
You block the sixfirhy's attack. x2
The sixfirhy completely misses you. You block the sixfirhy's attack.
The sixfirhy misses you.
There is a staircase leading out of the dungeon here.
Unknown command.
You block the sixfirhy's attack.
You have escaped!

#..####### #....###.##.#
#.&4§....# #....###'##.##
#.######4# #....#.......# #
##...####.## #....#.......# #
#..........#####....#.......# #
#.#########.#....#.......# # #.#
#..........#....#####..## #
#.###8..8..8.3.#...........#### #
#...'.........@#..............# #
#####8..8..8..............>##.# #
#..........#.#########.##.# #
#######.#8.#...........##.#
#'####...........##.#
#############.#..#...........##.#
...........##.#..#...........##.#
##########.##.#..#............#.#
#######.##.##.#..#.######.....#..


You could see Fodekywn, an orange demon (summoned) and a sixfirhy (summoned).

Vanquished Creatures
  6 orbs of fire
  Mennas (Depths:3)
  Mara (Vaults:4)
  6 ancient liches
  A juggernaut (Zig:6)
  Sojobo (Vaults:4)
  Frederick (Vaults:3)
  6 Killer Klowns
  A shard shrike (Zot:5)
  Bai Suzhen (Spider:3)
  A caustic shrike (Depths:3)
  2 curse toes
  Margery (Vaults:5)
  14 golden dragons
  Nikola (Vaults:1)
  Jory (Vaults:4)
  The ghost of Droegar the Slayer, an adept MiBe of Trog (Vaults:1)
  2 profane servitors
  3 bone dragons
  The ghost of DeepDeath the Warrior, an adept HOAE of Okawaru (Vaults:3)
  8 liches
  2 electric golems (Zot:5)
  2 hellephants (Abyss:3)
  Rupert (Lair:5)
  25 tentacled monstrosities
  13 titans
  22 Orb Guardians (Zot:5)
  Asterion (Depths:2)
  9 quicksilver dragons
  11 death cobs
  4 deep elf master archers (Elf:3)
  Gastronok (Lair:3)
  4 tentacled starspawn (Abyss:2)
  10 sphinxes
  4 ancient champions
  Frances (Spider:1)
  A thorn hunter (Swamp:4)
  Agnes (Spider:3)
  Donald (Orc:2)
  21 storm dragons
  13 shadow dragons
  2 revenants
  14 tengu reavers
  An Executioner (Abyss:1)
  10 fire giants
  9 draconian monks
  10 vault wardens
  A fire giant (shapeshifter) (Depths:3)
  14 frost giants
  11 draconian scorchers
  8 deep elf sorcerers
  A curse skull (Zig:7)
  3 iron dragons
  2 orc warlords
  5 ghost moths
  7 draconian knights
  A caustic shrike zombie (Crypt:1)
  11 draconian shifters
  Aizul (Spider:3)
  A cacodemon (Abyss:2)
  2 draconian stormcallers
  An angel (D:10)
  12 emperor scorpions
  3 spriggan defenders
  3 deep elf elementalists
  A ghoul (Crypt:3)
  16 ironheart preservers
  20 stone giants
  6 draconian annihilators
  The ghost of DeepDeath the Basher, a journeyman GrAK of Lugonu (D:12)
  2 war gargoyles (Vaults:5)
  11 deep elf demonologists
  28 very ugly things
  10 vampire knights
  3 entropy weavers
  18 green draconians
  18 black draconians
  A spectral titan (Vaults:3)
  9 deep elf annihilators
  12 purple draconians
  14 dire elephants
  6 yellow draconians
  15 red draconians
  9 white draconians
  7 spark wasps
  A green death (D:7)
  A merfolk impaler (Depths:2)
  2 blizzard demons (Abyss:2)
  3 eidola
  8 fire dragons
  12 deep elf death magi
  12 ettins
  13 jiangshi
  19 yaktaur captains
  14 ice dragons
  A quicksilver dragon zombie (Depths:3)
  25 hydras
  29 vault guards
  11 deep elf high priests
  2 hell beasts
  4 rakshasas
  4 spriggan air magi (Depths:4)
  2 shambling mangroves
  12 great orbs of eyes
  2 naga warriors (D:12)
  An anaconda (Lair:6)
  6 centaur warriors
  10 death knights
  8 alligators
  11 ogre magi
  Erica (Lair:2)
  A spectral human (Vaults:3)
  2 spectral fire giants (Vaults:3)
  36 two-headed ogres
  13 deep troll earth magi
  The ghost of kulwych the Carver, a novice HuFi of Nemelex Xobeh (D:6)
  18 death yaks
  11 spriggan berserkers
  A death scarab (Gauntlet)
  9 orc high priests
  6 tengu warriors
  2 spectral storm dragons (Vaults:3)
  27 dancing weapons
  A two-headed ogre (shapeshifter) (D:14)
  5 deep troll shamans
  2 thrashing horrors (Abyss:2)
  25 deep elf knights
  2 vampire magi
  3 sun demons (Orc:2)
  A soul eater (Crypt:1)
  4 wretched stars
  2 storm dragon zombies
  A salamander mystic (Depths:2)
  12 hell knights
  12 shadow wraiths
  24 skeletal warriors
  A titan skeleton (Zig:5)
  2 sixfirhies
  An entropy weaver zombie (Crypt:1)
  A death drake (shapeshifter) (Vaults:1)
  A shadow demon (Zig:5)
  3 spectral yaktaurs (Vaults:3)
  A glowing orange brain (shapeshifter) (Vaults:3)
  7 swamp dragons (Swamp:4)
  2 infernal demonspawn (Orc:2)
  2 unseen horrors
  2 spatial maelstroms
  4 wizards
  3 glowing orange brains
  34 deep trolls
  26 deep elf archers
  15 ironbrand convokers
  18 flayed ghosts
  25 phantasmal warriors
  Pikel (D:7)
  An obsidian statue (Zot:5)
  8 necromancers
  An anaconda skeleton (Crypt:2)
  15 orc knights
  A harpy (Vaults:4)
  A wolf spider (shapeshifter) (Depths:3)
  A wolf spider zombie (Abyss:2)
  A manticore (D:15)
  2 salamanders (Depths:2)
  7 oklob plants (Lair:3)
  27 wolf spiders
  9 orc sorcerers
  41 ugly things
  A faun (shapeshifter) (Depths:4)
  86 deep elf magi
  23 orb spiders
  3 cyclopes
  A manticore (shapeshifter) (Vaults:3)
  29 moths of wrath
  A spectral fire dragon (Crypt:3)
  A stone giant skeleton (Crypt:1)
  17 elephants
  3 worldbinders (Abyss:2)
  3 moths of wrath (shapeshifter)
  14 vault sentinels
  A shock serpent zombie (Crypt:2)
  Joseph (D:7)
  A guardian serpent (Abyss:2)
  An iron dragon skeleton (Crypt:3)
  Maurice (D:8)
  A rust devil (Depths:2)
  An ice statue (IceCv)
  Psyche (D:9)
  A gargoyle (D:15)
  A spriggan zombie (Zig:5)
  8 smoke demons
  6 black mambas
  An orange demon (Abyss:2)
  An eye of devastation (Abyss:2)
  A centaur skeleton (D:11)
  11 spiny frogs
  An elephant slug zombie (Crypt:2)
  15 large abominations
  11 komodo dragons
  A shock serpent skeleton (Crypt:1)
  4 efreet
  4 torpor snails
  A hellion (Depths:3)
  An ice devil (Gauntlet)
  23 freezing wraiths
  A swamp worm zombie (Crypt:2)
  3 hellwings (D:11)
  A yellow draconian skeleton (Crypt:1)
  13 demonic crawlers
  A komodo dragon (shapeshifter) (Abyss:2)
  A queen bee (shapeshifter) (Vaults:1)
  45 yaktaurs
  5 ancient zymes
  6 starcursed masses (Abyss:3)
  A troll (shapeshifter) (Depths:3)
  4 tengu conjurers
  14 trolls
  29 jumping spiders
  3 meliai (Gauntlet)
  13 polar bears (IceCv)
  A queen bee (Lair:3)
  Grinder (D:6)
  A polar bear (shapeshifter) (Depths:1)
  16 tyrant leeches
  10 raiju
  17 blink frogs
  35 slime creatures
  3 hornets (shapeshifter)
  2 blink frogs (shapeshifter)
  20 hornets
  Prince Ribbit (D:7)
  11 hippogriffs
  An alligator zombie (Crypt:1)
  7 dream sheep (Lair:6)
  16 bog bodies
  An ettin zombie (Crypt:1)
  A slime creature (shapeshifter) (Elf:1)
  An iron dragon simulacrum (Depths:3)
  2 air elementals
  A spriggan (shapeshifter) (D:14)
  Sigmund (D:6)
  54 flying skulls
  12 shadows
  3 hogs (shapeshifter)
  2 vampires
  16 wraiths
  72 redbacks
  8 water elementals
  42 tarantellas
  2 wyverns
  4 ynoxinuls (Abyss:2)
  A guardian serpent skeleton (Crypt:1)
  3 fire bats
  8 spriggans
  A tarantella (shapeshifter) (Vaults:5)
  76 yaks
  6 basilisks
  5 fire elementals
  2 neqoxecs (Abyss:2)
  A human (Elf:1)
  Menkaure (D:6)
  A steam dragon (shapeshifter) (Depths:4)
  3 hogs (Elf:1)
  2 hungry ghosts
  5 chaos spawn
  13 vampire mosquitoes
  15 swamp worms
  15 insubstantial wisps
  A spectral spiny frog (Gauntlet)
  A human zombie (Depths:3)
  4 spatial vortices (Abyss:3)
  A deep troll skeleton (Vaults:3)
  An infernal demonspawn zombie (Crypt:2)
  5 wargs
  14 small abominations
  3 acid dragons
  A gelid demonspawn zombie (Crypt:2)
  13 water moccasins
  A floating eye (Lair:3)
  A swamp drake (shapeshifter) (Vaults:2)
  A floating eye (shapeshifter) (Depths:3)
  A water moccasin (shapeshifter) (Vaults:3)
  Duvessa (D:6)
  A tengu skeleton (Zig:5)
  A porcupine (shapeshifter) (Vaults:2)
  10 porcupines
  9 swamp drakes
  3 ice beasts
  47 orc warriors
  4 phantoms
  An eye of draining (shapeshifter) (Depths:2)
  A slave (D:7)
  A black bear (Temple)
  3 sky beasts
  A dream sheep zombie (Crypt:1)
  2 eyes of draining
  A deep troll simulacrum (Zig:2)
  28 ogres
  4 boggarts (Vaults:1)
  7 necrophages
  A boggart (shapeshifter) (Vaults:1)
  2 elf skeletons
  13 centaurs
  A crocodile (shapeshifter) (Vaults:5)
  18 wolves
  13 crocodiles
  4 big kobolds
  A draconian zombie (Crypt:2)
  2 earth elementals
  2 gnoll sergeants
  17 bullfrogs
  Dowan (D:6)
  2 wyvern skeletons
  5 scorpions
  2 human simulacra (Vaults:3)
  35 killer bees
  2 howler monkeys
  A spriggan skeleton (Crypt:1)
  14 wights
  4 electric eels
  7 crimson imps
  6 centaur zombies
  3 hounds
  14 jellies
  19 orc wizards
  31 orc priests
  2 iron imps
  A bullfrog skeleton (D:11)
  A gnoll shaman (D:4)
  Jessica (D:2)
  Natasha (thrice) (D:2)
  Terence (D:2)
  6 iguanas
  7 worker ants
  3 polar bear simulacra (D:12)
  A statue (D:8)
  5 wolf simulacra (D:12)
  2 yak simulacra (D:12)
  A hound zombie (Crypt:1)
  2 hound skeletons
  A mummy (D:6)
  A howler monkey zombie (D:6)
  4 worker ant zombies
  19 adders
  24 gnolls
  A howler monkey skeleton (D:9)
  A river rat (Lair:3)
  4 shadow imps
  A swamp drake skeleton (Crypt:2)
  7 white imps
  An ooze (shapeshifter) (Vaults:5)
  4 oozes
  An adder skeleton (D:8)
  An adder zombie (D:8)
  A worm (D:3)
  A dart slug (D:1)
  12 leopard geckos
  120 orcs
  A ball python (D:2)
  6 goblins
  7 hobgoblins
  8 jackals
  2 quokkas (D:8)
  4 bats
  3 frilled lizards
  A frilled lizard zombie (Crypt:1)
  A jackal zombie (D:5)
  27 kobolds
  A leopard gecko skeleton (D:6)
  A quokka skeleton (D:6)
  A quokka zombie (D:9)
  6 rats
  A river rat simulacrum (D:12)
  A fungus (Elf:2)
  5 plants
  6 starspawn tentacles (Abyss:2)
2904 creatures vanquished.

Vanquished Creatures (collateral kills)
  An orc warrior (Orc:2)
  An orc (Orc:2)
2 creatures vanquished.

Vanquished Creatures (others)
  2 pandemonium lords (D:7)
  3 golden dragons (Zot:3)
  A tentacled monstrosity (Vaults:5)
  3 Orb Guardians (Zot:5)
  3 storm dragons (Zot:3)
  3 shadow dragons (Zot:3)
  2 fire giants
  2 ghost moths (Zot:3)
  A war gargoyle (Vaults:5)
  A stone giant (Depths:4)
  A minotaur (Gauntlet)
  A fire dragon (Depths:5)
  A deep elf high priest (Vaults:5)
  A shadow wraith (Vaults:5)
  2 flayed ghosts (Depths:2)
  A phantasmal warrior (Depths:2)
  A deep elf mage (Elf:1)
  4 moths of wrath
  A vault sentinel (Vaults:2)
  A freezing wraith (Depths:2)
  An ice devil (D:7)
  A hellwing (D:7)
  A polar bear (IceCv)
  A raiju (Abyss:2)
  2 jumping spiders (Spider:2)
  An orc warrior (Orc:2)
  An air elemental (Elf:1)
  4 humans (Elf:1)
  6 water elementals (Depths:2)
  A wraith (Depths:2)
  A wolf (IceCv)
  A crocodile (Lair:5)
  A bullfrog (D:15)
  A small abomination (Abyss:2)
  3 orcs (Elf:1)
  A kobold (D:12)
  11 fungi
  A lurking horror (Abyss:3)
  13 plants
  27 starspawn tentacles
114 creatures vanquished.

Grand Total: 3020 creatures vanquished

Notes
Turn   | Place    | Note
-------+----------+-------------------------------------------
     0 | Abyss:1  | DeepDeath the Gargoyle Abyssal Knight began the quest for
                  | the Orb.
     0 | Abyss:1  | Reached XP level 1. HP: 14/14 MP: 2/2
    68 | Abyss:1  | Noticed a flying skull
    70 | D:1      | Escaped the Abyss
   150 | D:1      | Reached XP level 2. HP: 8/19 MP: 3/3
   389 | D:1      | Reached * piety under Lugonu
   759 | D:1      | Reached XP level 3. HP: 22/23 MP: 4/4
  2047 | D:2      | Noticed a phantom
  2190 | D:2      | Found a bloodstained altar of Trog.
  2214 | D:2      | Reached XP level 4. HP: 22/28 MP: 5/5
  2285 | D:2      | Found a faded altar of an unknown god.
  2362 | D:2      | Noticed Terence
  2540 | D:2      | Killed Terence
  2540 | D:2      | Reached skill level 5 in Maces & Flails
  2540 | D:2      | Reached XP level 5. HP: 32/32 MP: 6/6
  2617 | D:2      | Noticed Natasha
  2637 | D:2      | Killed Natasha
  2665 | D:2      | Noticed Natasha
  2677 | D:2      | Killed Natasha
  2780 | D:2      | Noticed Natasha
  2785 | D:2      | Killed Natasha
  2799 | D:2      | Noticed Jessica
  2824 | D:2      | Killed Jessica
  2824 | D:2      | Reached XP level 6. HP: 22/37 MP: 7/7
  3476 | D:3      | Reached ** piety under Lugonu
  3671 | D:3      | Found an ornate altar of the Wu Jian Council.
  3835 | D:3      | Reached XP level 7. HP: 41/41 MP: 8/8
  4320 | D:4      | Found a shimmering blue altar of Sif Muna.
  4331 | D:4      | Found a blossoming altar of Fedhas.
  4331 | D:4      | Found a sparkling altar of Nemelex Xobeh.
  4359 | D:4      | Found a hide-covered altar of Uskayaw.
  4363 | D:4      | Found a glowing golden altar of the Shining One.
  4786 | D:4      | Found a burning altar of Makhleb.
  5411 | D:5      | Entered Level 5 of the Dungeon
  5431 | D:5      | Reached skill level 1 in Dodging
  5696 | D:5      | Found an ancient bone altar of Kikubaaqudgha.
  5698 | D:5      | Found a bloodstained altar of Trog.
  5706 | D:5      | Reached skill level 1 in Throwing
  5706 | D:5      | Reached XP level 8. HP: 47/48 MP: 9/9
  5925 | D:6      | Found a transporter.
  5930 | D:6      | Found a transporter.
  5937 | D:6      | Noticed kulwych's ghost (novice HuFi)
  5965 | D:6      | Noticed a wraith
  5978 | D:6      | Found a staircase to the Ecumenical Temple.
  6285 | D:6      | Noticed Sigmund
  6301 | D:6      | Killed Sigmund
  6301 | D:6      | Reached *** piety under Lugonu
  6301 | D:6      | Reached skill level 4 in Fighting
  6552 | D:6      | Noticed Duvessa
  6572 | D:6      | Killed Duvessa
  6575 | D:6      | Noticed Dowan
  6588 | D:6      | Killed Dowan
  6654 | D:6      | Noticed Menkaure
  6673 | D:6      | Noticed Grinder
  6687 | D:6      | Killed Grinder
  6687 | D:6      | Reached XP level 9. HP: 26/53 MP: 8/12
  6693 | D:6      | Killed Menkaure
  6693 | D:6      | Reached skill level 5 in Fighting
  6826 | Temple   | Entered the Ecumenical Temple
  7841 | D:7      | Noticed Joseph
  7863 | D:7      | Killed Joseph
  7960 | D:7      | Noticed Prince Ribbit
  7969 | D:7      | Killed Prince Ribbit
  7969 | D:7      | Reached skill level 10 in Maces & Flails
  7969 | D:7      | Reached skill level 5 in Dodging
  8023 | D:7      | Noticed an angel
  8024 | D:7      | Found a shimmering altar of Xom.
  8024 | D:7      | Found a glowing silver altar of Zin.
  8324 | D:7      | Noticed Pikel
  8355 | D:7      | Killed Pikel
  8355 | D:7      | Reached skill level 5 in Armour
  8355 | D:7      | Reached skill level 5 in Invocations
  8355 | D:7      | Reached XP level 10. HP: 51/59 MP: 13/13
  8737 | D:8      | Found a radiant altar of Vehumet.
  8818 | D:8      | Reached **** piety under Lugonu
  8996 | D:8      | Noticed a red ugly thing
  9021 | D:8      | Killed a red ugly thing
  9189 | D:8      | Noticed a two-headed ogre
  9391 | D:8      | Noticed Maurice
  9412 | D:8      | Killed Maurice
  9493 | D:8      | Reached skill level 1 in Evocations
  9560 | D:8      | Killed a two-headed ogre
  9947 | D:9      | Found Amea's Food Boutique.
  9956 | D:9      | Found a staircase to the Orcish Mines.
  9986 | D:9      | Noticed Psyche
  9993 | D:9      | Killed Psyche
 10000 | D:9      | Reached ***** piety under Lugonu
 10056 | D:9      | Reached XP level 11. HP: 62/63 MP: 14/14
 10062 | D:9      | Reached skill level 10 in Dodging
 10158 | D:9      | Found a staircase to the Lair.
 10451 | D:9      | Found an opulent altar of Gozag.
 10451 | D:9      | Found Gozag's Platinum Reserve.
 10454 | D:9      | Identified the cursed +1 scale mail "Ylouf" {MR- Int+5}
                  | (You found it on level 9 of the Dungeon)
 11031 | D:9      | Reached skill level 6 in Fighting
 11134 | D:10     | Entered Level 10 of the Dungeon
 11899 | Lair:1   | Entered Level 1 of the Lair of Beasts
 11960 | Lair:1   | Found a gate leading to a gauntlet.
 11997 | Gauntlet | Entered a Gauntlet
 11997 | Gauntlet | Found a transporter.
 12003 | Gauntlet | Found a transporter.
 12004 | Gauntlet | Found a transporter.
 12009 | Gauntlet | Found a transporter.
 12011 | Gauntlet | Found a runed translucent gate.
 12011 | Gauntlet | Found a runed translucent gate.
 12011 | Gauntlet | Noticed a death scarab
 12015 | Gauntlet | Found a runed translucent gate.
 12015 | Gauntlet | Found a transporter.
 12019 | Gauntlet | Found a transporter.
 12023 | Gauntlet | Noticed a moth of wrath
 12027 | Gauntlet | Found a transporter.
 12031 | Gauntlet | Found a transporter.
 12039 | Gauntlet | Found a transporter.
 12043 | Gauntlet | Found a transporter.
 12051 | Gauntlet | Found a transporter.
 12074 | Gauntlet | Found a transporter.
 12086 | Gauntlet | Found a transporter.
 12098 | Gauntlet | Found a transporter.
 12165 | Gauntlet | Reached skill level 7 in Fighting
 12208 | Gauntlet | Killed a death scarab
 12231 | Gauntlet | Killed a moth of wrath
 12231 | Gauntlet | Reached XP level 12. HP: 56/72 MP: 13/16
 12482 | Gauntlet | Got a slimy steel ring
 12484 | Gauntlet | Identified the ring "Atonuese" {rPois MR++ rCorr Str-2}
                  | (You found it in a Gauntlet)
 12505 | Gauntlet | Identified the cursed +1 flail "Kexkoosk" {elec, +Inv rN+++
                  | Int-5 Dex-3}
 12505 | Gauntlet | Noticed a minotaur
 12508 | Gauntlet | Corrupted Gauntlet
 12508 | Gauntlet | Noticed a starcursed mass
 12508 | Gauntlet | Noticed a balrug
 12508 | Gauntlet | Noticed a blizzard demon
 12509 | Gauntlet | Noticed a tentacled starspawn
 12509 | Gauntlet | Noticed a thrashing horror
 12509 | Gauntlet | Noticed a thrashing horror
 12509 | Gauntlet | Noticed a hell hog
 12510 | Gauntlet | Noticed a starcursed mass
 12510 | Gauntlet | Noticed a starcursed mass
 12512 | Gauntlet | Noticed a starcursed mass
 12514 | Gauntlet | Killed a minotaur
 12600 | Gauntlet | Noticed a starcursed mass
 12668 | Gauntlet | Identified Kessih's Disquisition on Congealing Evil Arts
 13734 | Lair:2   | Noticed Erica
 13853 | Lair:2   | Killed Erica
 14054 | Lair:2   | Found a hole to the Spider Nest.
 14411 | Lair:3   | Reached ****** piety under Lugonu
 14491 | Lair:3   | Noticed an eight-headed hydra
 14501 | Lair:3   | Killed an eight-headed hydra
 14667 | Lair:3   | Found a staircase to the Swamp.
 14682 | Lair:3   | Reached XP level 13. HP: 60/78 MP: 13/17
 14856 | Lair:3   | Reached skill level 8 in Fighting
 15253 | Lair:3   | Reached skill level 10 in Fighting
 15253 | Lair:3   | Reached skill level 5 in Throwing
 15253 | Lair:3   | Gained mutation: Your large and strong wings let you fly
                  | indefinitely. [Gargoyle growth]
 15253 | Lair:3   | Reached XP level 14. HP: 78/88 MP: 19/19
 15264 | Lair:3   | Found a radiant altar of Vehumet.
 15287 | Lair:3   | Noticed Gastronok
 15306 | Lair:3   | Killed Gastronok
 16473 | Lair:4   | Reached skill level 11 in Fighting
 18282 | Lair:5   | Reached XP level 15. HP: 92/96 MP: 21/21
 18514 | Lair:5   | Noticed Rupert
 18516 | Lair:5   | Identified a scroll of acquirement
 18516 | Lair:5   | Acquired the +3 warlock's mirror {reflect}
 18517 | Lair:5   | Found the +3 warlock's mirror {reflect}
 18546 | Lair:5   | Killed Rupert
 18546 | Lair:5   | Reached skill level 12 in Fighting
 18763 | Lair:5   | Reached skill level 1 in Shields
 18847 | Lair:5   | You fall into a shaft and drop 1 floor!
 18847 | Lair:6   | Entered Level 6 of the Lair of Beasts
 19230 | Lair:6   | Reached skill level 5 in Shields
 19366 | Lair:6   | Got an ancient copper ring
 19367 | Lair:6   | Identified the ring "Huxtaem" {Ice rElec} (You found it on
                  | level 6 of the Lair of Beasts)
 19486 | Lair:6   | Found a staircase to the Slime Pits.
 20524 | D:6      | Killed kulwych's ghost
 21759 | Orc:1    | Entered Level 1 of the Orcish Mines
 21788 | Orc:2    | Entered Level 2 of the Orcish Mines
 21798 | Orc:2    | Noticed Donald
 21839 | Orc:2    | Killed Donald
 22008 | Orc:1    | Found Messius's General Store.
 22023 | Orc:1    | Bought a potion of invisibility for 120 gold pieces
 22065 | Orc:1    | Found a frozen archway.
 22072 | Orc:1    | Found a roughly hewn altar of Beogh.
 22112 | IceCv    | Entered an ice cave
 22548 | IceCv    | Noticed a frost giant
 22584 | IceCv    | Killed a frost giant
 22584 | IceCv    | Reached skill level 10 in Armour
 22620 | IceCv    | Reached XP level 16. HP: 71/103 MP: 18/23
 22624 | IceCv    | Reached skill level 10 in Invocations
 24091 | Orc:2    | Found a roughly hewn altar of Beogh.
 24106 | Orc:2    | Found a staircase to the Elven Halls.
 24534 | Orc:2    | Found Kemuujoph's Food Shoppe.
 24535 | Orc:2    | Found Etedghuu's General Store.
 24809 | Orc:2    | Bought a scroll of fog for 28 gold pieces
 24809 | Orc:2    | Bought a potion of berserk rage for 70 gold pieces
 24809 | Orc:2    | Bought a scroll of acquirement for 728 gold pieces
 24810 | Orc:2    | Acquired 1250 gold pieces
 24890 | Orc:2    | Reached skill level 13 in Fighting
 25587 | Orc:2    | Found Butafuff's Antique Weapon Boutique.
 25587 | Orc:2    | Found Puesey Apuu's Book Shop.
 25587 | Orc:2    | Found a one-way gate leading to the halls of Pandemonium.
 25597 | Orc:2    | Bought a glowing morningstar for 196 gold pieces
 26162 | Lair:6   | Got a translucent tin ring
 26191 | Lair:6   | Identified the ring of the Will of the Gods {Fire *Slow
                  | rPois MR+ Str+8} (You found it on level 6 of the Lair of
                  | Beasts)
 26192 | Lair:6   | Acquired a +1 pair of gloves of strength
 26985 | D:12     | Found a flickering gateway to a bazaar.
 27057 | Bazaar   | Entered a bazaar
 27057 | Bazaar   | Found Cuaf's Gadget Shoppe.
 27057 | Bazaar   | Found Wimummog's Food Shoppe.
 27058 | Bazaar   | Found Numeeklu's Antique Weapon Emporium.
 27058 | Bazaar   | Found Wodedewo's General Store.
 27074 | Bazaar   | Bought a runed war axe for 143 gold pieces
 27074 | Bazaar   | Bought a jewelled quarterstaff for 198 gold pieces
 27074 | Bazaar   | Bought a glowing flail for 143 gold pieces
 27074 | Bazaar   | Bought a glowing morningstar for 154 gold pieces
 27074 | Bazaar   | Bought a runed broad axe for 154 gold pieces
 27074 | Bazaar   | Bought a glowing hand crossbow for 143 gold pieces
 27080 | Bazaar   | Bought a wand of acid (8) for 192 gold pieces
 27084 | Bazaar   | Bought a lightning rod (4/4) for 320 gold pieces
 27087 | Bazaar   | Identified the cursed +0 quarterstaff of Conscience
                  | {vorpal, rC+ Str+2 SInv} (You bought it in a shop in a
                  | bazaar)
 27678 | D:12     | Identified the cursed +1 fustibalus "Dutil" {vorpal, Str-3
                  | Int+6} (You found it on level 12 of the Dungeon)
 28024 | D:12     | Found a runed translucent gate.
 28024 | D:12     | Found a runed translucent gate.
 28024 | D:12     | Found a runed translucent gate.
 28028 | D:12     | Noticed DeepDeath's ghost (journeyman GrAK)
 28037 | D:12     | Found an iron altar of Okawaru.
 28599 | D:13     | Found a stormy altar of Qazlal.
 28619 | D:13     | Found Nuabiutt's Jewellery Emporium.
 28930 | D:13     | Reached skill level 1 in Slings
 29314 | D:13     | Identified the +5 great sword of Causality {venom, *Drain
                  | rC++ Dex+7}
 30506 | D:14     | Reached XP level 17. HP: 110/110 MP: 24/24
 30509 | D:14     | Reached skill level 14 in Fighting
 30706 | D:14     | Found a gate to the Vaults.
 30781 | D:14     | Reached skill level 15 in Maces & Flails
 31056 | D:14     | Found a blossoming altar of Fedhas.
 31256 | D:15     | Entered Level 15 of the Dungeon
 31681 | D:15     | Found a staircase to the Depths.
 32236 | Swamp:1  | Entered Level 1 of the Swamp
 33921 | Swamp:2  | Reached skill level 5 in Slings
 33934 | Swamp:2  | You are sucked into a shaft and drop 1 floor!
 35694 | Spider:1 | Entered Level 1 of the Spider Nest
 35770 | Spider:1 | Got a pitted pewter ring
 35830 | Spider:1 | Noticed Frances
 35835 | Spider:1 | Gained mutation: Your mind is acute. (Int +2) [a neqoxec]
 35842 | Spider:1 | Gained mutation: You are frail. (-10% HP) [a neqoxec]
 35845 | Spider:1 | Gained mutation: You are very frail. (-20% HP) [a neqoxec]
 35849 | Spider:1 | Killed Frances
 35921 | Lair:2   | Lost mutation: Your mind is acute. (Int +2) [potion of
                  | mutation]
 35921 | Lair:2   | Lost mutation: You are very frail. (-20% HP) [potion of
                  | mutation]
 35921 | Lair:2   | Gained mutation: You have a pair of small horns on your
                  | head. [potion of mutation]
 35921 | Lair:2   | Gained mutation: You occasionally shout uncontrollably at
                  | your foes. [potion of mutation]
 35921 | Lair:2   | Gained mutation: You are partially covered in thin metallic
                  | scales. (AC +2) [potion of mutation]
 35924 | Lair:2   | Lost mutation: You are frail. (-10% HP) [potion of
                  | mutation]
 35924 | Lair:2   | Gained mutation: Scrolls take you a little longer to read.
                  | [potion of mutation]
 35924 | Lair:2   | Gained mutation: You have large cloven feet. [potion of
                  | mutation]
 35924 | Lair:2   | Gained mutation: You are covered in fur. (AC +1) [potion of
                  | mutation]
 35929 | Lair:2   | Identified the ring of Fixation {rF++ MR++ SInv} (You found
                  | it on level 1 of the Spider Nest)
 36037 | Swamp:4  | Entered Level 4 of the Swamp
 36184 | Swamp:4  | Identified the cursed +1 flail "Tustrollu" {freeze, +Rage
                  | +Fly rElec rC-} (You found it on level 4 of the Swamp)
 36424 | Swamp:4  | Reached XP level 18. HP: 64/117 MP: 17/25
 36610 | Swamp:4  | Reached skill level 15 in Fighting
 37415 | Swamp:4  | Got a decaying rune of Zot
 39872 | Spider:3 | Noticed Bai Suzhen
 39875 | Spider:3 | Noticed Aizul
 40204 | Spider:3 | Killed Bai Suzhen
 40204 | Spider:3 | Reached skill level 16 in Fighting
 40230 | Spider:3 | Killed Aizul
 40739 | Spider:4 | Entered Level 4 of the Spider Nest
 40753 | Spider:3 | Reached XP level 19. HP: 121/125 MP: 25/27
 40821 | Spider:4 | Noticed Agnes
 40886 | Spider:3 | Killed Agnes
 42513 | Spider:4 | Reached skill level 10 in Shields
 42577 | Spider:4 | Got a gossamer rune of Zot
 42673 | Spider:4 | Reached skill level 17 in Fighting
 42941 | Lair:3   | Got an ichor-stained arbalest
 42945 | Lair:3   | Identified the +7 arbalest "Zacrasimp" {flame, *Slow MR+++
                  | Str+6} (You found it on level 3 of the Lair of Beasts)
 43242 | D:12     | Killed DeepDeath's ghost
 43787 | D:12     | Identified the cursed +1 robe "Fokines" {rF+ rC- Int-4
                  | Dex+5 Slay+2} (You found it on level 12 of the Dungeon)
 43872 | Vaults:1 | Entered Level 1 of the Vaults
 44110 | Vaults:1 | Noticed an Ice Fiend
 44424 | Vaults:1 | Reached skill level 10 in Slings
 44869 | Vaults:1 | Reached skill level 18 in Fighting
 45005 | Vaults:1 | Noticed Nikola
 45019 | Vaults:1 | Killed Nikola
 45019 | Vaults:1 | Reached XP level 20. HP: 136/136 MP: 29/29
 45189 | Vaults:1 | Found a runed translucent door.
 45189 | Vaults:1 | Identified the cursed +0 great sword of Nyraopex {chaos,
                  | rC+}
 45190 | Vaults:1 | Found a shimmering altar of Xom.
 45190 | Vaults:1 | Noticed Droegar's ghost (adept MiBe)
 45697 | Vaults:1 | Killed Droegar's ghost
 45721 | Vaults:1 | Identified the cursed -6 pair of gloves "Fass" {Int+4} (You
                  | found it on level 1 of the Vaults)
 45726 | Vaults:1 | Identified the cursed +3 hand axe of the Sky {venom, rC++
                  | Dex+4 Stlth+} (You found it on level 1 of the Vaults)
 46402 | Vaults:2 | Found a staircase to the Crypt.
 46673 | Vaults:2 | Found Jabru Derr's Assorted Antiques.
 46766 | Vaults:2 | Reached skill level 19 in Fighting
 46876 | Vaults:2 | Found Qicaim's Assorted Antiques.
 46877 | Vaults:2 | Found Paosiuss's Antique Weapon Emporium.
 46877 | Vaults:2 | Found Biluhilupn's General Store.
 46888 | Vaults:2 | Got a warped copper ring
 46891 | Vaults:2 | Identified the ring "Agrottys" {*Tele +Fly Str+4} (You
                  | found it on level 2 of the Vaults)
 46894 | Vaults:2 | Bought a dazzling mace for 280 gold pieces
 46897 | Vaults:2 | Identified the +7 mace "Ytaperon" {freeze, Dex+9 Stlth-}
                  | (You bought it in a shop on level 2 of the Vaults)
 46911 | Vaults:2 | Bought a scroll of identify for 24 gold pieces
 46911 | Vaults:2 | Bought a scroll of identify for 24 gold pieces
 46911 | Vaults:2 | Bought a potion of heal wounds for 60 gold pieces
 46950 | Vaults:2 | Bought a potion of heal wounds for 205 gold pieces
 46950 | Vaults:2 | Bought a scroll of identify for 82 gold pieces
 47126 | Vaults:2 | Bought a scroll of acquirement for 624 gold pieces
 47129 | Vaults:2 | Acquired a +3 eveningstar of holy wrath
 47741 | Vaults:2 | Reached XP level 21. HP: 144/144 MP: 30/30
 48096 | Vaults:2 | Identified the +7 quarterstaff of Xom {vamp, rElec rC-
                  | Dex+4} (You found it on level 2 of the Vaults)
 48448 | Vaults:3 | Reached skill level 15 in Armour
 48478 | Vaults:3 | Noticed Frederick
 48487 | Vaults:3 | Killed Frederick
 48534 | Vaults:3 | Reached skill level 20 in Fighting
 49873 | Vaults:3 | Found a runed translucent gate.
 49873 | Vaults:3 | Found a runed translucent gate.
 49873 | Vaults:3 | Found a runed translucent gate.
 49875 | Vaults:3 | Noticed DeepDeath's ghost (adept HOAE)
 51036 | Vaults:4 | Noticed Sojobo
 51065 | Vaults:4 | Killed Sojobo
 51337 | Vaults:4 | Reached XP level 22. HP: 141/153 MP: 27/31
 51491 | Vaults:4 | Reached skill level 21 in Fighting
 51649 | Vaults:4 | Found a huge runed gate.
 51649 | Vaults:4 | Found a huge runed gate.
 51649 | Vaults:4 | Found a huge runed gate.
 51649 | Vaults:4 | Found a huge runed gate.
 51649 | Vaults:4 | Found a huge runed gate.
 51649 | Vaults:4 | Found a huge runed gate.
 51649 | Vaults:4 | Found a huge runed gate.
 51650 | Vaults:4 | Found a huge runed gate.
 51650 | Vaults:4 | Found a huge runed gate.
 51650 | Vaults:4 | Found a huge runed gate.
 51669 | Vaults:4 | Found a huge runed gate.
 51669 | Vaults:4 | Found a huge runed gate.
 51669 | Vaults:4 | Found a huge runed gate.
 51669 | Vaults:4 | Found a huge runed gate.
 51669 | Vaults:4 | Found a huge runed gate.
 51669 | Vaults:4 | Found a huge runed gate.
 51669 | Vaults:4 | Found a huge runed gate.
 51670 | Vaults:4 | Found a huge runed gate.
 51671 | Vaults:4 | Found a huge runed gate.
 51679 | Vaults:4 | Found a huge runed gate.
 51679 | Vaults:4 | Found a huge runed gate.
 51679 | Vaults:4 | Found a huge runed gate.
 51679 | Vaults:4 | Found a huge runed gate.
 51679 | Vaults:4 | Found a huge runed gate.
 51679 | Vaults:4 | Found a huge runed gate.
 51679 | Vaults:4 | Found a huge runed gate.
 51714 | Vaults:4 | Found a huge runed gate.
 51715 | Vaults:4 | Found a huge runed gate.
 51723 | Vaults:4 | Found a huge runed gate.
 51723 | Vaults:4 | Found a huge runed gate.
 51723 | Vaults:4 | Found a huge runed gate.
 51723 | Vaults:4 | Found a huge runed gate.
 51723 | Vaults:4 | Found a huge runed gate.
 51723 | Vaults:4 | Found a huge runed gate.
 51723 | Vaults:4 | Found a huge runed gate.
 51724 | Vaults:4 | Found a huge runed gate.
 51755 | Vaults:4 | Noticed Mara
 51773 | Vaults:4 | Noticed DeepDeath's illusion
 51779 | Vaults:4 | Killed Mara
 51994 | Vaults:4 | Noticed Jory
 52012 | Vaults:4 | Killed Jory
 52184 | Vaults:4 | Noticed a golden dragon
 52184 | Vaults:4 | Noticed a golden dragon
 52184 | Vaults:4 | Noticed a golden dragon
 52260 | Vaults:4 | Killed a golden dragon
 52418 | Vaults:4 | Killed a golden dragon
 52989 | Vaults:3 | Killed DeepDeath's ghost
 52995 | Vaults:3 | Reached skill level 22 in Fighting
 53406 | Elf:1    | Entered Level 1 of the Elven Halls
 53887 | Elf:1    | Noticed Kirke
 53903 | Elf:1    | Noticed Kirke
 53903 | Elf:1    | Kirke changed into Kirke the hog
 53906 | Elf:1    | Killed Kirke the hog
 54083 | Elf:1    | Reached skill level 5 in Evocations
 54231 | Elf:1    | Found Loaqowk's Antique Armour Shop.
 54295 | Elf:1    | Found a radiant altar of Vehumet.
 54502 | Elf:1    | Found a runed translucent gate.
 54502 | Elf:1    | Found a runed translucent gate.
 54502 | Elf:1    | Found a runed translucent gate.
 54502 | Elf:1    | Found a runed translucent gate.
 54502 | Elf:1    | Found a runed translucent gate.
 54505 | Elf:1    | Found a runed translucent gate.
 54866 | Elf:1    | Reached XP level 23. HP: 120/162 MP: 23/32
 55066 | Elf:2    | Found Doastrom's Armour Shop.
 55397 | Elf:2    | Reached skill level 15 in Dodging
 55424 | Elf:2    | Found a runed translucent gate.
 55424 | Elf:2    | Found a runed translucent gate.
 55424 | Elf:2    | Found a runed translucent gate.
 56200 | Elf:3    | Entered Level 3 of the Elven Halls
 56200 | Elf:3    | Found a radiant altar of Vehumet.
 57576 | Elf:3    | Identified the +9 dagger of Conformity {antimagic, MR+
                  | Int+3 Dex+5 Stlth-}
 57605 | Elf:3    | Identified the ring of the Middle {+Fly MR- Str+6 Dex+6
                  | SInv}
 57610 | Elf:3    | Identified the +1 robe of the Swamp {rElec Dex+4 Stlth+}
 57845 | Elf:3    | Identified the +1 robe "Qeph" {Harm}
 58021 | Elf:3    | Got a flickering pewter ring
 58039 | Elf:3    | Identified the ring of Fyblash {Wiz rF+ rN+} (You found it
                  | on level 3 of the Elven Halls)
 58048 | Elf:3    | Found the +3 Elemental Staff {rElec rF++ rC++ MR++ AC+5}
 58064 | Elf:3    | Identified Caocweve's Grimoire of Clay and Conjuration
 58070 | Elf:3    | Identified the +4 fustibalus of Fear {vorpal, rC+ Stlth+}
                  | (You found it on level 3 of the Elven Halls)
 60008 | Depths:1 | Entered Level 1 of the Depths
 60544 | Depths:1 | Found a gateway to Hell.
 60743 | Depths:1 | Found Sewigien's Antique Weapon Shoppe.
 60945 | Depths:1 | Reached XP level 24. HP: 168/168 MP: 32/32
 61264 | Depths:2 | Found a gateway to a ziggurat.
 61522 | Depths:2 | Noticed Asterion
 61552 | Depths:2 | Killed Asterion
 61921 | Depths:2 | You fall into a shaft and drop 2 floors!
 62362 | Depths:4 | Found a one-way gate to the infinite horrors of the Abyss.
 63279 | Depths:3 | Reached skill level 23 in Fighting
 63384 | Depths:3 | Noticed a caustic shrike
 63402 | Depths:3 | Killed a caustic shrike
 63438 | Depths:3 | Noticed Mennas
 63736 | Depths:2 | Found a sparkling altar of Nemelex Xobeh.
 64006 | Depths:2 | Corrupted Depths:2
 64663 | Vaults:2 | Bought a runed broad axe for 245 gold pieces
 64778 | Vaults:2 | Bought a scroll of brand weapon for 900 gold pieces
 65464 | Depths:3 | Killed Mennas
 65933 | Depths:3 | Reached XP level 25. HP: 169/176 MP: 30/32
 66167 | Depths:3 | Found the +7 sceptre of Torment {pain, torment}
 66177 | Depths:3 | Identified the Collected Works on Dislocated Lightness
 66182 | Depths:3 | Identified the ring of Happiness {MP+9 Int+6} (You found it
                  | on level 3 of the Depths)
 66186 | Depths:3 | Identified the amulet "Xicenkul" {rElec rC+ Regen+ Str-2
                  | Stlth+} (You found it on level 3 of the Depths)
 66192 | Depths:3 | Identified the +3 war axe "Hitregu" {vamp, +Fly rC- Int+4
                  | Dex+8} (You found it on level 3 of the Depths)
 66195 | Depths:3 | Learned a level 1 spell: Animate Skeleton
 66975 | Depths:4 | Found a white marble altar of Elyvilon.
 66976 | Depths:4 | Found a glowing silver altar of Zin.
 66978 | Depths:4 | Found a burning altar of Makhleb.
 67054 | Depths:4 | Reached skill level 1 in Spellcasting
 67054 | Depths:4 | Reached skill level 1 in Necromancy
 67483 | Depths:4 | Reached skill level 24 in Fighting
 67747 | Depths:4 | Reached skill level 5 in Necromancy
 67842 | Depths:4 | You fall into a shaft and drop 1 floor!
 67842 | Depths:5 | Entered Level 5 of the Depths
 67949 | Depths:4 | Identified the amulet of Aruev {Reflect +Blink MR+ SH+5}
 67985 | Depths:4 | Got a vibrating pewter ring
 68116 | Depths:4 | Identified the ring "Qiridu" {+Fly MR+ Str+9 Int-2 Dex-2}
                  | (You found it on level 4 of the Depths)
 68190 | Depths:4 | Reached XP level 26. HP: 186/186 MP: 32/32
 69296 | Depths:5 | Reached skill level 25 in Fighting
 69356 | Depths:5 | Reached XP level 27. HP: 148/193 MP: 29/32
 69401 | Depths:5 | Found a gate to the Realm of Zot.
 69806 | Depths:5 | Found Vyedgh's Food Emporium.
 69808 | Depths:5 | Found Vibam's General Store.
 69810 | Depths:5 | Found Migucaon's General Store.
 69866 | Depths:5 | Acquired a manual of Spellcasting
 70068 | Depths:5 | Bought a scroll of identify for 46 gold pieces
 70068 | Depths:5 | Bought a scroll of identify for 46 gold pieces
 70626 | Elf:1    | Bought a glowing plate armour for 910 gold pieces
 70981 | Vaults:2 | Bought a glowing plate armour for 1066 gold pieces
 71324 | Crypt:1  | Entered Level 1 of the Crypt
 71434 | Crypt:1  | Reached skill level 1 in Stealth
 72223 | Crypt:1  | Identified the +9 morningstar of the Final Chapter {vorpal,
                  | Dex+2} (You found it on level 1 of the Crypt)
 72516 | Crypt:2  | Reached skill level 5 in Spellcasting
 73262 | Crypt:2  | Learned a level 4 spell: Dispel Undead
 73263 | Crypt:3  | Entered Level 3 of the Crypt
 73270 | Crypt:2  | Learned a level 2 spell: Corpse Rot
 73272 | Crypt:2  | Learned a level 1 spell: Apportation
 73275 | Crypt:2  | Learned a level 2 spell: Passwall
 73278 | Crypt:2  | Learned a level 2 spell: Shroud of Golubria
 73282 | Crypt:2  | Learned a level 3 spell: Mephitic Cloud
 73286 | Crypt:2  | Learned a level 3 spell: Stone Arrow
 73486 | Crypt:3  | Reached skill level 1 in Conjurations
 73499 | Crypt:3  | Reached skill level 1 in Poison Magic
 73824 | Crypt:3  | Found a basalt altar of Yredelemnul.
 73842 | Crypt:3  | Reached skill level 1 in Earth Magic
 73857 | Crypt:3  | Reached skill level 1 in Charms
 73908 | Crypt:3  | Reached skill level 1 in Air Magic
 73925 | Crypt:3  | Reached skill level 1 in Translocations
 74009 | Crypt:3  | Reached skill level 1 in Transmutations
 74019 | Crypt:3  | Noticed an ancient lich
 74043 | Crypt:3  | Killed an ancient lich
 74228 | Crypt:3  | Identified Borgnjor's Compendium of Darkness
 74345 | Crypt:3  | Identified the +1 plate armour of Panentheism {Int+6} (You
                  | found it on level 3 of the Crypt)
 74393 | Crypt:3  | Found a staircase to the Tomb.
 74463 | Crypt:3  | Reached skill level 5 in Stealth
 74545 | Crypt:3  | Got a twitching tin ring
 74548 | Crypt:3  | Identified the ring "Abafig" {rPois rF+++ rN+ MR+ Int-4}
                  | (You found it on level 3 of the Crypt)
 74550 | Crypt:3  | Identified the ring of Itaynuux {rElec rC+ rN+ Str-2 Dex+8}
                  | (You found it on level 3 of the Crypt)
 74552 | Crypt:3  | Identified the ring "Ilipp" {*Slow rN+ MP+9 Stlth+} (You
                  | found it on level 3 of the Crypt)
 75600 | Vaults:5 | Entered Level 5 of the Vaults
 75637 | Vaults:5 | Noticed Margery
 75642 | Vaults:5 | Cast into level 2 of the Abyss (hell knight)
 75754 | Abyss:2  | Found a corrupted altar of Lugonu.
 75817 | Abyss:2  | Found a sacrificial altar of Ru.
 75922 | Abyss:2  | Noticed an ancient lich
 75937 | Abyss:2  | Killed an ancient lich
 76033 | Vaults:5 | Escaped the Abyss
 76047 | Vaults:5 | Reached skill level 26 in Fighting
 76059 | Vaults:5 | Reached skill level 1 in Axes
 76138 | Vaults:5 | Got a polished cloak
 76144 | Vaults:5 | Identified the -6 cloak "Hatwer" {+Inv MP+9} (You found it
                  | on level 5 of the Vaults)
 76255 | Vaults:5 | Identified the cursed +1 war axe "Qorghos" {protect,
                  | Stlth+}
 76276 | Vaults:5 | Noticed an ancient lich
 76291 | Vaults:5 | Killed an ancient lich
 76291 | Vaults:5 | Reached skill level 5 in Axes
 76322 | Vaults:5 | Identified the +2 leather armour "Iryplyim" {Int+2 Slay+5}
 76364 | Vaults:5 | Killed Margery
 76478 | Vaults:5 | Found the +0 sword of Power
 76489 | Vaults:5 | Got a silver rune of Zot
 76493 | Vaults:5 | Identified the Almanac of Damaging Moulding
 77074 | Vaults:5 | Noticed an ancient lich
 77092 | Vaults:5 | Killed an ancient lich
 77356 | Vaults:5 | Reached skill level 10 in Axes
 78191 | Depths:4 | Voluntarily entered the Abyss.
 79038 | Abyss:3  | Found a corrupted altar of Lugonu.
 79068 | Abyss:3  | Got an abyssal rune of Zot
 79093 | Abyss:3  | Reached skill level 27 in Fighting
 79137 | Abyss:3  | Paralysed by accursed screaming for 1 turns
 79194 | Depths:4 | Escaped the Abyss
 79799 | Zot:1    | Entered Level 1 of the Realm of Zot
 79820 | Zot:1    | Reached skill level 10 in Spellcasting
 80913 | Zot:1    | Acquired the amulet of Paqurad {RegenMP rC++ Int-2}
 82997 | Zot:2    | HP: 9/199 [golden dragon (11)]
 83170 | Zot:3    | Reached skill level 10 in Necromancy
 83474 | Zot:3    | Found a transporter.
 83573 | Zot:3    | Found the +0 mask of the Dragon {MR+ Slay+3 SInv}
 84731 | Zot:5    | Entered Level 5 of the Realm of Zot
 84816 | Zot:5    | Identified the cursed +1 trident "Luaxayfu" {flame, +Blink
                  | Str-5 Int+4 SInv} (You found it on level 5 of the Realm of
                  | Zot)
 85423 | Zot:5    | Noticed an orb of fire
 85424 | Zot:5    | Noticed an ancient lich
 85424 | Zot:5    | Noticed an ancient lich
 85436 | Zot:5    | Killed an ancient lich
 85732 | Zot:5    | Escaped the Abyss
 85732 | Zot:5    | Noticed an orb of fire
 85742 | Zot:5    | Noticed an orb of fire
 85987 | Abyss:1  | Found a corrupted altar of Lugonu.
 86107 | Zot:5    | Escaped the Abyss
 86113 | Zot:5    | Gained mutation: Your body sometimes deteriorates upon
                  | taking damage. [an orb of fire]
 86476 | Zot:5    | Killed an orb of fire
 86869 | Zot:5    | Gained mutation: You have a pair of horns on your head. [an
                  | orb of fire]
 86871 | Zot:5    | Noticed an orb of fire
 86892 | Zot:5    | Noticed an orb of fire
 86906 | Zot:5    | Noticed an orb of fire
 86910 | Zot:5    | Killed an orb of fire
 86916 | Zot:5    | Killed an orb of fire
 86945 | Zot:4    | Killed an orb of fire
 87080 | Zot:5    | Gained mutation: You are dopey. (Int -2) [an orb of fire]
 87099 | Zot:4    | Killed an ancient lich
 87115 | Zot:4    | Killed an orb of fire
 87161 | Zot:4    | Killed an orb of fire
 88540 | Zot:3    | Corrupted Zot:3
 88672 | Zot:3    | Found a transporter.
 88679 | Zot:3    | Got a flickering silver ring
 88682 | Zot:3    | Identified the ring "Qipav" {MR+ MP+9 Slay+3} (You found it
                  | on level 3 of the Realm of Zot)
 89189 | Vaults:2 | Bought a potion of invisibility for 328 gold pieces
 89189 | Vaults:2 | Bought a potion of ambrosia for 328 gold pieces
 89900 | Zig:1    | Entered Level 1 of a ziggurat
 89917 | Zig:2    | Entered Level 2 of a ziggurat
 89941 | Zig:2    | Learned a level 4 spell: Animate Dead
 89944 | Zig:2    | Learned a level 2 spell: Swiftness
 89949 | Zig:3    | Entered Level 3 of a ziggurat
 89995 | Zig:4    | Entered Level 4 of a ziggurat
 90013 | Zig:4    | Got a fine granite ring
 90027 | Zig:4    | Identified the +10 scale mail "Liedac" {rPois Str-3 Dex+8}
                  | (You found it on level 4 of a ziggurat)
 90033 | Zig:4    | Identified the cursed ring of the Heavens {rF+ rC+ Int+4
                  | Dex-4} (You found it on level 4 of a ziggurat)
 90036 | Zig:5    | Entered Level 5 of a ziggurat
 90112 | Zig:6    | Entered Level 6 of a ziggurat
 90117 | Zig:6    | Noticed a juggernaut
 90128 | Zig:6    | Killed a juggernaut
 90173 | Zig:6    | Identified the +1 pair of boots of Boredom {Str+2 Slay+3}
                  | (You found it on level 6 of a ziggurat)
 90225 | Zig:7    | Entered Level 7 of a ziggurat
 90558 | Zig:7    | Identified the Almanac of a Million Tables
 90572 | Zig:7    | Identified the ring "Maasutuc" {rPois Int-4 SInv Stlth+}
                  | (You found it on level 7 of a ziggurat)
 91504 | Zot:5    | Got the Orb of Zot
 91913 | D:9      | Noticed Kaeck the pandemonium lord
 91913 | D:9      | Noticed an ancient lich
 91957 | D:7      | Corrupted D:7
 91961 | D:7      | Noticed Tahoac the pandemonium lord
 91963 | D:7      | Killed Kaeck the pandemonium lord
 91979 | D:7      | Killed Tahoac the pandemonium lord
 92144 | D:1      | Noticed Fodekywn the pandemonium lord
 92164 | D:$      | Escaped with the Orb!

Illustrated notes

Levels and vault maps discovered:
D:1:      elethiomel_arrival_quiet, layout_basic
D:2:      layout_basic, chequers_ecumenical_altar_island, bloody_trog,
          uniq_natasha, uniq_terence, uniq_jessica
D:3:      layout_basic, lemuel_crystal_altar, first_ration
D:4:      layout_loops_ring, lightli_temple_of_fire,
          minmay_overflow_temple_star_hex
D:5:      layout_rooms, nicolae_overflow_hidden_temple, minmay_between
D:6:      layout_layer_cave, minmay_temple_entry_crystal_x,
          gammafunk_ghost_mausoleum, minmay_manual_mess, uniq_grinder,
          uniq_sigmund, uniq_menkaure, uniq_duvessa
D:7:      layout_basic, grunt_temple_overflow_order_and_chaos_1,
          uniq_prince_ribbit1, uniq_joseph, uniq_pikel
D:8:      layout_gridville, vehumet_statue, uniq_maurice
D:9:      layout_irregular_city, nicolae_gozag_zags_fifth_avenue,
          david_lair_generic, orc_0_dummy, serial_shops,
          nicolae_shop_competitors_out_of_business, uniq_psyche
D:10:     layout_roguey
D:11:     layout_stronghold
D:12:     layout_loops_ring, serial_shops, bzr_entry_dummy,
          gammafunk_ghost_fury_of_okawaru, grunt_tengu_nest,
          chequers_serial_rivers_small_3, eino_house_with_fridge
D:13:     minmay_elf_outpost, layout_cave_pods, serial_shops,
          nicolae_shop_trees, grunt_qazlal_clouds
D:14:     layout_basic, skrybe_vaults_entry_preservation, fedhas_altar_4
D:15:     hangedman_depths_entry_civil_slaughter, layout_rooms,
          amethyst_killhole
Temple:   corrupted_temple
Lair:1:   layout_long_grid, gauntlet_entry_generic
Lair:2:   layout_misc_corridors, spider_nest_entry_rubble,
          infiniplex_staircase_pool, lemuel_fruit_fields, uniq_erica
Lair:3:   hangedman_what_comes_after_a, layout_regular_city, swamp_mist,
          basic_altar, disabler_island, grunt_megastairs_4, uniq_gastronok
Lair:4:   layout_small_grid, lemuel_fruit_tree
Lair:5:   layout_regular_city, grunt_megastairs_1, uniq_rupert
Lair:6:   due_jungle_book, layout_regular_city, minmay_slime_entry_jelly_boxes,
          minmay_hedge_maze, st_stairs_8, chequers_serial_rivers_micro_e,
          grunt_forest_stairs_basic, guppyfry_lair_drakes, grunt_megastairs_3
Swamp:1:  layout_basic_swamp, evilmike_swamp_ruin_house_4
Swamp:2:  layout_falls_marsh, hangedman_swamp_cone, swamp_pool4,
          cheibrodos_swamp_slimy
Swamp:3:  layout_falls_marsh, nicolae_swamp_trees_clearing
Swamp:4:  swamp_basic_johnstein, layout_basic_swamp, swamp_pool2
Spider:1: layout_spider_delve, uniq_frances
Spider:2: layout_spider_delve
Spider:3: layout_spider_delve, uniq_bai_suzhen, uniq_aizul
Spider:4: grunt_spider_rune_circles, uniq_agnes
Orc:1:    layout_diamond_mine, basic_altar, portal_ice_cave_entry_pillars_1,
          serial_shops, shop
Orc:2:    pf_orc_diabolical, layout_diamond_mine, basic_altar, uniq_donald
Elf:1:    layout_loops_cross, serial_shops, nicolae_shop_stone, basic_altar,
          orc_legates, uniq_kirke
Elf:2:    layout_geoelf_grid, serial_shops, shop
Elf:3:    minmay_elf_hall_not_hex, layout_geoelf_castle, basic_altar
Vaults:1: ebering_vaults_ghost_xom, vaults_room_stairs_pillars, v_pattern_1,
          grunt_vaults_twisty, grunt_vaults_funnel, hangedman_vaults_hat,
          nicolae_vaults_sealed_display, v_alt_pattern_5, vaults_mumra_lcd,
          layout_vaults_omnicross, uniq_nikola
Vaults:2: v_misc_9, v_misc_12, minmay_crypt_entry_simple_walls,
          ontoclasm_vaults_ring_small, nicolae_vaults_three_branches,
          vaults_room_corners, hangedman_vaults_hard_town_square, v_rooms_5,
          hangedman_vaults_restitches, vaults_room_hallway,
          nicolae_vaults_big_angled_halls, grunt_vaults_hallway_short,
          ontoclasm_vaults_ring_square, layout_vaults_omnibox, serial_shops,
          shop
Vaults:3: gammafunk_vaults_ghost_necromancy, serial_ice_b, vaults_room_octagon,
          v_misc_11, vaults_mumra_chevron_long, vaults_room_hangedman_quadrants,
          vaults_mumra_hexcomb, nicolae_vaults_big_angled_halls,
          ontoclasm_vaults_ligature, nicolae_vaults_little_squares_5,
          hangedman_vaults_stretched_pinwheel, layout_vaults_chaotic_city,
          uniq_frederick
Vaults:4: vaults_door_vault, nicolae_vaults_hallways_thing, v_misc_8,
          grunt_vaults_trifunnel, ontoclasm_vaults_ring_large,
          nicolae_vaults_little_ls, nicolae_vaults_circle_grid_a,
          vaults_mumra_minichess, v_misc_28, ontoclasm_vaults_gateway,
          nicolae_vaults_ring_of_whatevers, vaults_room_door_ring,
          layout_vaults_ring, uniq_jory, uniq_sojobo, uniq_mara
Vaults:5: serial_shops, uniq_margery
Crypt:1:  layout_gridlike
Crypt:2:  layout_chaotic_city, serial_sigils_hangedman_stare,
          nicolae_crypt_soggy_tomb
Crypt:3:  grunt_crypt_end_deaths_head
Depths:1: layout_gridlike, hangedman_decor_clover_reticule, serial_shops, shop,
          hell_entry, drop_trap, lemuel_old_faithful, serial_bayou_shore_b
Depths:2: minmay_haunted_quarter, layout_cave_pools, enter_ziggurat_e,
          grunt_hell_entry_dis_grunt, minmay_misc_feat_encased,
          nemelex_xobeh_ov_fountains_minmay, uniq_asterion
Depths:3: little_maze_vault, layout_small_grid, hangedman_decor_diamond_cutter,
          pan_entry, hell_entry, infiniplex_staircase_zigzag_5, uniq_mennas
Depths:4: hangedman_slaughterboxes, hell_entry, abyss_entry
Depths:5: grunt_crosshair, layout_cross, abyss_entry, hell_entry,
          minmay_shop_star
Zot:1:    grunt_deathspiral_small, layout_concentric_octagons, zot_minivault_5
Zot:2:    layout_onion, hangedman_zot_diagonal_lockstep, st_large_dragon_hoard_1
Zot:3:    layout_onion_interference, chequers_guarded_unrand_mask_of_the_dragon
Zot:4:    layout_twisted_circle
Zot:5:    layout_basic

Skill      XL: |  1  2  3  4  5  6  7  8  9 10 11 12 13 14 15 16 17 18 19 20 21 22 23 24 25 26 27 |
---------------+----------------------------------------------------------------------------------+-----
Maces & Flails | 3 4 5 6 7 8 9 10 11 12 14 16 17 18 | 18.0
Dodging        | 1 3 6 9 11 12 13 14 17 18 20 | 20.0
Throwing       | 1 2 5 6 7 8 9 |  9.2
Armour         | 4 5 6 7 10 12 14 16 17 18 25 | 25.5
Fighting       | 4 5 7 10 11 12 13 14 16 18 19 20 22 23 24 25 27 | 27.0
Invocations    | 4 5 6 8 9 10 11 12 14 | 14.0
Evocations     | 2 3 4 5 6 |  6.0
Shields        | 6 7 9 10 12 | 12.0
Slings         | 2 6 8 10 11 13 | 13.2
Spellcasting   | 3 10 | 10.0
Necromancy     | 6 13 | 13.6
Stealth        | 5 |  5.0
Conjurations   | 3 |  3.0
Poison Magic   | 2 |  2.0
Earth Magic    | 4 |  4.0
Charms         | 2 |  2.0
Air Magic      | 2 |  2.0
Translocations | 2 |  2.0
Transmutations | 2 |  2.0
Axes           | 12 | 12.4

Action                   |  1- 3 |  4- 6 |  7- 9 | 10-12 | 13-15 | 16-18 | 19-21 | 22-24 | 25-27 || total
-------------------------+-------+-------+-------+-------+-------+-------+-------+-------+-------++-------
Melee: Mace              |   103 |   209 |   301 |   160 |       |       |   595 |   650 |       ||  2018
       Flail             |       |       |       |   539 |  1138 |  1232 |   148 |   522 |       ||  3579
       Whip              |       |       |       |    19 |       |       |       |       |       ||    19
       Morningstar       |       |       |       |       |       |   595 |   673 |    64 |       ||  1332
       Headbutt          |       |       |       |       |       |   140 |   475 |   498 |   958 ||  2071
       Eveningstar       |       |       |       |       |       |       |    10 |   262 |  2915 ||  3187
       Demon whip        |       |       |       |       |       |       |       |    90 |    45 ||   135
       War axe           |       |       |       |       |       |       |       |       |   436 ||   436
       Unarmed           |       |       |       |       |       |       |       |       |     1 ||     1
 Fire: Fustibalus        |       |       |       |       |       |   478 |   488 |   238 |   535 ||  1739
Throw: Dart              |     1 |    13 |    30 |    26 |    37 |       |     1 |     2 |       ||   110
       Boomerang         |       |       |       |    19 |    60 |    77 |     1 |    90 |    15 ||   262
       Javelin           |       |       |       |     2 |       |       |    10 |     1 |     6 ||    19
Invok: Depart the Abyss  |     1 |       |       |       |       |       |       |       |     1 ||     2
       Corrupt           |       |       |       |     1 |       |       |       |     1 |     2 ||     4
       Bend Space        |       |       |       |       |     1 |     1 |       |       |       ||     2
       Banish            |       |       |       |       |       |       |     1 |       |       ||     1
       Enter the Abyss   |       |       |       |       |       |       |       |       |     2 ||     2
 Abil: Fly               |       |       |       |       |       |     3 |       |     1 |     2 ||     6
       Stop Flying       |       |       |       |       |       |     2 |     1 |     1 |     1 ||     5
Evoke: Wand              |       |       |       |     4 |     2 |     4 |     7 |    12 |    14 ||    43
       Phantom mirror    |       |       |       |       |     1 |       |       |     2 |       ||     3
       Box of beasts     |       |       |       |       |     1 |       |       |       |       ||     1
       Phial of floods   |       |       |       |       |       |     1 |       |       |       ||     1
  Use: Scroll            |     7 |     3 |     8 |    19 |    12 |    22 |    11 |    11 |    58 ||   151
       Potion            |       |       |     5 |     5 |     8 |     7 |     4 |     6 |    38 ||    73
 Stab: Paralysed         |       |       |       |     2 |       |       |       |       |     2 ||     4
       Sleeping          |       |       |       |     3 |       |       |       |       |    16 ||    19
       Invisible         |       |       |       |       |       |     4 |     2 |       |     4 ||    10
       Confused          |       |       |       |       |       |       |     2 |       |       ||     2
       Distracted        |       |       |       |       |       |       |       |     1 |     5 ||     6
  Eat: Chunk             |     4 |     5 |     8 |    15 |    12 |    32 |    22 |    27 |    16 ||   141
       Ration            |       |       |     2 |     3 |     4 |     9 |     3 |     6 |    22 ||    49
Armor: Leather armour    |    48 |     1 |       |       |       |       |       |       |       ||    49
       Skin              |       |     4 |       |       |       |       |       |       |       ||     4
       Ring mail         |       |   114 |   131 |   206 |   235 |    59 |       |       |       ||   745
       Robe              |       |       |       |     2 |       |       |       |       |       ||     2
       Quicksilver drago |       |       |       |    85 |   130 |       |       |       |       ||   215
       Chain mail        |       |       |       |       |       |  1023 |   741 |   763 |   248 ||  2775
       Ice dragon scales |       |       |       |       |       |       |       |       |  2062 ||  2062
       Plate armour      |       |       |       |       |       |       |       |       |     3 ||     3
Dodge: Dodged            |    81 |   147 |   169 |   503 |   681 |   951 |   750 |   824 |  2609 ||  6715
Block: Buckler           |       |       |       |       |   150 |   690 |   616 |   703 |  1715 ||  3874
       Reflection        |       |       |       |       |     8 |    23 |    68 |    97 |   125 ||   321
